 Dungeon Crawl Stone Soup version 0.19.0-2-gae57169 (webtiles) character file.

2669 LORDOFBUTT the Cleaver (level 9, -17/71 HPs)
             Began as a Minotaur Berserker on Nov 5, 2016.
             Was an Elder of Trog.
             Killed by the air
             ... invoked by Gastronok
              (21 damage)
             ... on level 8 of the Dungeon.
             The game lasted 00:08:33 (6977 turns).

LORDOFBUTT the Cleaver (Minotaur Berserker)         Turns: 6977, Time: 00:08:34

Health: -17/71     AC:  3    Str: 24    XL:     9   Next: 37%
Magic:  0/8        EV: 13    Int: 12    God:    Trog [****..]
Gold:   314        SH:  0    Dex: 11    Spells: 0 memorised, 8 levels left

rFire  . . .     SeeInvis .     J - +2 hand axe of Diophew {flame, rPois Int+8} (curse)
rCold  . . .     Gourm    .     b - +0 animal skin
rNeg   + . .     Faith    .     (no shield)
rPois  +         Spirit   +     (helmet restricted)
rElec  .         Reflect  .     p - +0 cloak
rCorr  +         Harm     .     (no gloves)
MR     .....                    (no boots)
Stlth  +.........               x - amulet of guardian spirit
                                C - ring of positive energy
                                h - ring of resist corrosion

@: exhausted, slowed, very slow
A: retaliatory headbutt, horns 2
a: Berserk, Trog's Hand, Brothers in Arms, Burn Spellbooks, Renounce Religion


You were on level 8 of the Dungeon.
You worshipped Trog.
Trog was greatly pleased with you.
You were not hungry.

You visited 1 branch of the dungeon, and saw 8 of its levels.

You collected 314 gold pieces.

Inventory:

Hand Weapons
 J - the cursed +2 hand axe of Diophew (weapon) {flame, rPois Int+8}
   (You found it on level 8 of the Dungeon)

   It has been specially enchanted to burn those struck by it, causing extra
   injury to most foes and up to half again as much damage against particularly
   susceptible opponents.
   Big, fiery blades are also staple armaments of hydra-hunters.
   It affects your intelligence (+8).
   It protects you from poison.
   It has a curse placed upon it.
Armour
 b - a +0 animal skin (worn)
 p - a +0 cloak (worn)
Jewellery
 h - a ring of resist corrosion (left hand)
 x - an amulet of guardian spirit (around neck)
 C - a ring of positive energy (right hand)
Wands
 a - a wand of hasting (1/9)
 B - a wand of lightning (8/15)
 F - a wand of disintegration (14/24)
Scrolls
 k - 2 scrolls of amnesia
 r - 3 scrolls of identify
 v - 3 scrolls of remove curse
 y - a scroll of noise {unknown}
 z - 2 scrolls of recharging {unknown}
 A - 2 scrolls of vulnerability {unknown}
 D - a scroll of enchant weapon {unknown}
 E - a scroll of magic mapping {unknown}
 H - 2 scrolls of teleportation {unknown}
Potions
 e - 2 potions of heal wounds
 g - 2 potions of curing
 i - a potion of magic
 j - a potion of agility
 l - a potion of ambrosia {unknown}
 m - 4 potions of flight {unknown}
 q - a potion of lignification {unknown}
 s - a potion of brilliance {unknown}
 t - 2 potions of resistance {unknown}
 w - a potion of berserk rage {unknown}
Books
 f - a book of Misfortune

   Spells                             Type                      Level
   a - Confusing Touch                Hexes                        1
   b - Confuse                        Hexes                        3
   c - Gell's Gravitas                Hexes/Translocation          3
   d - Petrify                        Transmutation/Earth          4
   e - Metabolic Englaciation         Hexes/Ice                    5
   f - Yara's Violent Unravelling     Hexes/Transmutation          5
   Trog disapproves of the use of such an item.
 n - a book of Minor Magic

   Spells                             Type                      Level
   a - Magic Dart                     Conjuration                  1
   b - Blink                          Translocation                2
   c - Call Imp                       Summoning                    2
   d - Repel Missiles                 Charms/Air                   2
   e - Slow                           Hexes                        2
   f - Conjure Flame                  Conjuration/Fire             3
   g - Mephitic Cloud                 Conjuration/Poison/Air       3
   Trog disapproves of the use of such an item.
 o - a book of Cantrips

   Spells                             Type                      Level
   a - Confusing Touch                Hexes                        1
   b - Animate Skeleton               Necromancy                   1
   c - Summon Small Mammal            Summoning                    1
   d - Apportation                    Translocation                1
   Trog disapproves of the use of such an item.
 u - a book of Callings

   Spells                             Type                      Level
   a - Summon Small Mammal            Summoning                    1
   b - Call Imp                       Summoning                    2
   c - Call Canine Familiar           Summoning                    3
   d - Summon Guardian Golem          Hexes/Summoning              3
   e - Summon Lightning Spire         Summoning/Air                4
   f - Summon Ice Beast               Ice/Summoning                4
   Trog disapproves of the use of such an item.
 I - a book of Maledictions

   Spells                             Type                      Level
   a - Corona                         Hexes                        1
   b - Ensorcelled Hibernation        Hexes/Ice                    2
   c - Confuse                        Hexes                        3
   d - Tukima's Dance                 Hexes                        3
   e - Dazzling Spray                 Conjuration/Hexes            3
   Trog disapproves of the use of such an item.
Comestibles
 c - 8 bread rations
 d - a meat ration


   Skills:
 + Level 4.3 Fighting
 - Level 14.3 Axes
 + Level 3.4 Armour
 + Level 3.0 Dodging
 + Level 1.1 Evocations


You had 8 spell levels left.
You didn't know any spells.

Dungeon Overview and Level Annotations

Branches:
Dungeon (8/15)             Temple (0/1) D:4
   Lair: D:8-11

Altars:
Ashenzari
Cheibriados
Makhleb
Okawaru
Qazlal
Ru
Uskayaw
Xom
The Shining One

Shops:
D:6 (

Annotations:
D:8 Gastronok; komi's ghost, novice HOWn


Innate Abilities, Weirdness & Mutations

You reflexively headbutt those who attack you in melee.
You have a pair of horns on your head.


Message History

You slash Gastronok! You burn Gastronok. You headbutt Gastronok!
Gastronok is heavily wounded.
You hit komi's ghost. You burn komi's ghost. Komi's ghost hits you!
* * * LOW HITPOINT WARNING * * *
Komi's ghost freezes you.
* * * LOW HITPOINT WARNING * * *
Gastronok's eyestalks quiver as he mumbles some strange words.
You are too berserk!
You feel a strong urge to attack something.
The bat closely misses you.
Gastronok's eyestalks quiver as he mumbles some strange words.
Gastronok puts on a burst of speed!
The bat hits you but does no damage.
You feel your anger subside.
You are no longer berserk.
You are exhausted.
You feel as though you will be slow longer.
The bat hits you but does no damage.
Gastronok waves his eye-stalks in wide circles.
The air twists around and strikes you!
You die...

#.. #. #. #.. ##.###. .#
#.. #..##.. .# #.. #..#..#
# .###..# #.###.....# #.
##....# #..#.....##
...#####....# ##.......#
..........###
###........##
.........@.###...#####..##
###†..W.b(......# #....
##...##...#...# #..#.
#.r.###..#...# #..##
#w.J## #..##..## ##..#
......# #<.#....## #...
........# #..#.....#####..
..........
#.#####.......##
...#.......
.......###...##.


You could see Gastronok, a jelly, komi's ghost, a bat and a rat.

Vanquished Creatures
  A two-headed ogre (D:8)
  Edmund (D:6)
  Menkaure (D:6)
  Duvessa (D:4)
  A sky beast (D:6)
  2 phantoms
  2 ice beasts
  2 centaurs (D:7)
  2 ogres
  2 bullfrogs (D:6)
  Dowan (D:4)
  2 scorpions
  3 howler monkeys
  7 crimson imps
  A quasit (D:6)
  5 orc wizards
  A hound (D:4)
  A jelly (D:6)
  Crazy Yiuf (D:4)
  Terence (D:3)
  6 worker ants
  3 hound skeletons
  3 gnolls (D:5)
  11 adders
  A shadow imp (D:5)
  An adder zombie (D:5)
  2 adder skeletons
  2 dart slugs (D:1)
  2 leopard geckos (D:7)
  13 orcs
  A ball python (D:2)
  4 giant cockroaches
  3 goblins
  4 hobgoblins
  11 jackals
  2 quokkas
  5 bats
  4 frilled lizards
  12 kobolds
  6 rats
134 creatures vanquished.

Notes
Turn   | Place    | Note
-------+----------+-------------------------------------------
     0 | D:1      | LORDOFBUTT the Minotaur Berserker began the quest for the Orb.
     0 | D:1      | Reached XP level 1. HP: 19/19 MP: 0/0
   168 | D:1      | Reached skill level 4 in Axes
   171 | D:1      | Reached XP level 2. HP: 26/27 MP: 1/1
   733 | D:2      | Reached XP level 3. HP: 25/33 MP: 2/2
   877 | D:2      | Reached skill level 5 in Axes
   894 | D:2      | Reached ** piety under Trog
  1377 | D:3      | Reached skill level 6 in Axes
  1377 | D:3      | Reached XP level 4. HP: 40/40 MP: 3/3
  1534 | D:3      | Found a shimmering altar of Xom.
  1567 | D:3      | Noticed Terence
  1582 | D:3      | Killed Terence
  1582 | D:3      | Reached XP level 5. HP: 29/46 MP: 4/4
  1668 | D:3      | Found a hide-covered altar of Uskayaw.
  1670 | D:3      | Noticed a hand axe
  1671 | D:3      | Noticed a hand axe
  1706 | D:3      | Reached skill level 7 in Axes
  2401 | D:4      | Found an iron altar of Okawaru.
  2401 | D:4      | Found a sacrificial altar of Ru.
  2486 | D:4      | Reached skill level 8 in Axes
  2486 | D:4      | Reached XP level 6. HP: 52/52 MP: 5/5
  2523 | D:4      | Found a glowing golden altar of the Shining One.
  2702 | D:4      | Found a runed door.
  2869 | D:4      | Reached *** piety under Trog
  2880 | D:4      | Noticed Duvessa
  2880 | D:4      | Noticed Dowan
  2915 | D:4      | Killed Duvessa
  2915 | D:4      | Reached skill level 9 in Axes
  2915 | D:4      | Reached XP level 7. HP: 50/58 MP: 6/6
  2920 | D:4      | Killed Dowan
  3108 | D:4      | Found a staircase to the Ecumenical Temple.
  3210 | D:4      | Noticed Crazy Yiuf
  3218 | D:4      | Killed Crazy Yiuf
  3373 | D:5      | Entered Level 5 of the Dungeon
  3398 | D:5      | Reached skill level 10 in Axes
  3855 | D:5      | Reached skill level 11 in Axes
  4565 | D:6      | Reached XP level 8. HP: 51/66 MP: 5/7
  4608 | D:6      | Found a shattered altar of Ashenzari.
  4967 | D:6      | Found Qocaesup's Antique Weapon Boutique.
  5070 | D:6      | Reached skill level 12 in Axes
  5343 | D:6      | Noticed Menkaure
  5350 | D:6      | Killed Menkaure
  5416 | D:6      | Noticed Edmund
  5452 | D:6      | Killed Edmund
  5452 | D:6      | Reached skill level 13 in Axes
  6063 | D:7      | Reached **** piety under Trog
  6194 | D:7      | Found a burning altar of Makhleb.
  6233 | D:7      | Reached XP level 9. HP: 71/71 MP: 8/8
  6620 | D:8      | Reached skill level 14 in Axes
  6656 | D:8      | Got a twisted hand axe
  6657 | D:8      | Identified the cursed +2 hand axe of Diophew {flame, rPois Int+8} (You found it on level 8 of the Dungeon)
  6733 | D:8      | Reached skill level 1 in Evocations
  6779 | D:8      | Found a snail-covered altar of Cheibriados.
  6780 | D:8      | Found a stormy altar of Qazlal.
  6952 | D:8      | Noticed Gastronok
  6955 | D:8      | Noticed komi's ghost (novice HOWn)
  6973 | D:8      | HP: 4/106 [komi's ghost (3)]
  6977 | D:8      | Killed from afar by Gastronok

Skill      XL: |  1  2  3  4  5  6  7  8  9 |
---------------+----------------------------+-----
Axes           | 4 6 8 9 11 13 14 | 14.3
Fighting       | 4 |  4.3
Armour         | 3 |  3.4
Evocations     | 1 |  1.1
Dodging        | 3 |  3.0

Action                   |  1- 3 |  4- 6 |  7- 9 || total
-------------------------+-------+-------+-------++-------
Melee: Hand axe          |    78 |   106 |   241 ||   425
       Headbutt          |     8 |    16 |    49 ||    73
       War axe           |       |       |    10 ||    10
Invok: Berserk           |       |     2 |     7 ||     9
  Use: Scroll            |     6 |     5 |       ||    11
 Stab: Sleeping          |     1 |       |       ||     1
       Distracted        |       |     1 |       ||     1
  Eat: Chunk             |     1 |       |     4 ||     5
       Beef jerky        |       |     2 |     2 ||     4
       Bread ration      |       |     1 |       ||     1
       Meat ration       |       |       |     3 ||     3
Armor: Animal skin       |    10 |    10 |    27 ||    47
Dodge: Dodged            |    53 |    66 |    86 ||   205
